 Dungeon Crawl Stone Soup version 0.18.1-5-g4a78601 (webtiles) character file.

6013 shmeve the Blocker (level 10, -11/93 HPs)
             Began as a Minotaur Berserker on May 14, 2016.
             Was a High Priest of Trog.
             Mangled by a cyclops (27 damage)
             ... on level 13 of the Dungeon on May 15, 2016.
             The game lasted 00:19:55 (9661 turns).

shmeve the Blocker (Minotaur Berserker)             Turns: 9661, Time: 00:19:56

Health: -11/93     AC: 13    Str: 24    XL:     10   Next: 56%
Magic:  9/9        EV:  9    Int:  5    God:    Trog [*****.]
Gold:   791        SH:  8    Dex: 12    Spells: 0 memorised, 9 levels left

rFire  . . .     SeeInvis .     L - +0 war axe
rCold  . . .     Gourm    .     C - +0 plate armour
rNeg   . . .     Faith    .     x - +2 buckler
rPois  .         Spirit   .     (helmet restricted)
rElec  .         Dismiss  .     (no cloak)
rCorr  .         Reflect  .     (no gloves)
SustAt .         Harm     .     (no boots)
MR     +++..                    (no amulet)
Stlth  ..........               a - +2 ring of dexterity
                                z - ring of protection from magic

@: exhausted, regenerating, slowed, very slow, extremely resistant to hostile
enchantments, extremely unstealthy
A: retaliatory headbutt, horns 2
a: Berserk, Trog's Hand, Brothers in Arms, Burn Spellbooks, Renounce Religion


You were on level 13 of the Dungeon.
You worshipped Trog.
Trog was extremely pleased with you.
You were hungry.

You visited 1 branch of the dungeon, and saw 12 of its levels.
You also visited: Sewer.

You collected 791 gold pieces.

Inventory:

Hand Weapons
 L - a +0 war axe (weapon)
Armour
 x - a +2 buckler (worn)
 C - a +0 plate armour (worn)
Jewellery
 a - a +2 ring of dexterity (right hand)
 z - a ring of protection from magic (left hand)
Wands
 M - a wand of digging (16/24)
 N - a wand of digging (1/24)
Scrolls
 f - 7 scrolls of identify {unknown}
 g - 5 scrolls of immolation {unknown}
 i - 3 scrolls of magic mapping {unknown}
 j - 5 scrolls of teleportation {unknown}
 o - 8 scrolls of remove curse {unknown}
 q - 3 scrolls of fear {unknown}
 s - 2 scrolls of enchant armour {unknown}
 w - a scroll of amnesia {unknown}
 y - 2 scrolls of enchant weapon {unknown}
 D - a scroll of blinking {unknown}
 E - 3 scrolls of recharging {unknown}
 I - a scroll of silence {unknown}
 J - 2 scrolls of vulnerability {unknown}
 O - a scroll of random uselessness {unknown}
 P - 2 scrolls of acquirement {unknown}
Potions
 b - a potion of flight {unknown}
 d - 3 potions of cure mutation {unknown}
 e - 8 potions of curing {unknown}
 h - 4 potions of magic {unknown}
 k - 2 potions of ambrosia {unknown}
 n - 3 potions of mutation {unknown}
 p - 2 potions of berserk rage {unknown}
 r - 5 potions of might {unknown}
 v - a potion of haste {unknown}
 A - 5 potions of brilliance {unknown}
 B - 2 potions of degeneration {unknown}
 F - a potion of heal wounds {unknown}
 G - 2 potions of lignification {unknown}
Books
 H - a book of Party Tricks

   Spells                             Type                      Level
   a - Summon Butterflies             Summoning                    1
   b - Apportation                    Translocation                1
   c - Tukima's Dance                 Hexes                        3
   d - Alistair's Intoxication        Transmutation/Poison         5
   e - Invisibility                   Hexes                        6
   Trog disapproves of the use of such an item.
Comestibles
 c - 6 bread rations
 l - 3 beef jerkies
 m - 4 fruits
 t - 6 meat rations
 u - a slice of pizza
 K - a royal jelly


   Skills:
 * Level 10.1 Fighting
 * Level 9.9 Axes
 + Level 6.8 Armour
 + Level 6.1 Dodging
 * Level 10.4 Shields


You had 9 spell levels left.
You didn't know any spells.

Dungeon Overview and Level Annotations

Branches:
Dungeon (11/15)            Temple (0/1) D:6            Lair (0/8) D:9
    Orc: D:9-12

Altars:
Dithmenos
Elyvilon
Fedhas
Kikubaaqudgha
Makhleb
Nemelex Xobeh
Okawaru
Pakellas
Ru
Sif Muna
Trog
Yredelemnul
The Shining One


Innate Abilities, Weirdness & Mutations

You reflexively headbutt those who attack you in melee.
You have a pair of horns on your head.


Message History

You slash the cyclops!
The cyclops is lightly wounded.
The cyclops hits you.
* * * LOW HITPOINT WARNING * * *
You barely miss the cyclops.
The cyclops is lightly wounded.
The cyclops barely misses you.
Unknown command.
You slash the cyclops!
The cyclops is heavily wounded.
The cyclops barely misses you.
Your plate armour prevents you from hitting the cyclops.
The cyclops is heavily wounded.
The cyclops hits you but does no damage.
Unknown command.
You slash the cyclops!
The cyclops is severely wounded.
You feel the effects of Trog's Hand fading.
The cyclops hits you!!
You die...

.........#
..........#
..........#
..........######
.........).)(..#
.........)(....#
.........)####.#
..........# #.#
.......@..# #.#
.......C..# #.#
..........# #.#
..........# #.#
..$.=.....# #.#
..........# #.#
..........# #.#
.######...# #.#
#.#


You could see a cyclops.

Vanquished Creatures
  Urug (D:13)
  An ugly thing (D:13)
  A centaur zombie (D:10)
  A two-headed ogre (D:13)
  A wyvern (D:9)
  5 yaks (D:10)
  A water moccasin (D:9)
  A black bear (D:10)
  3 sky beasts
  2 phantoms
  A necrophage (D:8)
  2 centaurs
  An ogre (D:10)
  The ghost of Grivan the Vexing, an amateur DEAM (D:3)
  A big kobold (D:11)
  3 giant frogs
  4 scorpions
  A water moccasin skeleton (D:7)
  9 killer bees (D:9)
  3 howler monkeys
  A vampire bat (D:2)
  3 crimson imps
  2 giant frog zombies (D:10)
  3 jellies
  7 hounds
  4 orc priests
  A centaur skeleton (D:9)
  2 giant frog skeletons
  Jessica (D:2)
  2 iguanas
  8 orc wizards
  6 worker ants
  A hound zombie (D:7)
  A hound skeleton (D:8)
  A worker ant zombie (D:10)
  7 river rats
  18 adders
  3 oozes
  5 worms
  5 dart slugs
  5 giant geckos
  27 orcs
  6 bat skeletons (D:2)
  A bat zombie (D:2)
  4 giant cockroaches
  10 goblins
  5 hobgoblins
  2 jackals (D:3)
  13 kobolds
  4 quokkas
  13 ball pythons
  9 bats
  5 giant newts
  A quokka zombie (D:6)
  32 rats
261 creatures vanquished.

Notes
Turn   | Place    | Note
--------------------------------------------------------------
     0 | D:1      | shmeve the Minotaur Berserker began the quest for the Orb.
     0 | D:1      | Reached XP level 1. HP: 19/19 MP: 0/0
   155 | D:1      | Reached XP level 2. HP: 27/27 MP: 1/1
   598 | D:1      | Reached XP level 3. HP: 26/33 MP: 2/2
   749 | D:2      | Found an ancient bone altar of Kikubaaqudgha.
  1009 | D:2      | Reached XP level 4. HP: 35/41 MP: 3/3
  1028 | D:2      | Noticed Jessica
  1031 | D:2      | Reached ** piety under Trog
  1049 | D:2      | Killed Jessica
  1049 | D:2      | Reached skill level 5 in Fighting
  1081 | D:2      | Reached skill level 5 in Axes
  1366 | D:2      | Reached XP level 5. HP: 36/48 MP: 4/4
  1514 | D:2      | Found a sparkling altar of Nemelex Xobeh.
  1778 | D:2      | Found a basalt altar of Yredelemnul.
  1978 | D:3      | Noticed Grivan's ghost (amateur DEAM)
  1989 | D:3      | Killed Grivan's ghost
  2055 | D:3      | Found a sacrificial altar of Ru.
  2064 | D:3      | Reached XP level 6. HP: 44/57 MP: 5/5
  2524 | D:4      | Reached skill level 1 in Shields
  2821 | D:4      | Reached *** piety under Trog
  2849 | D:4      | Noticed a sky beast
  2877 | D:4      | Killed a sky beast
  3163 | D:4      | Found a deep blue altar of Sif Muna.
  3208 | D:4      | Got a translucent scale mail
  3216 | D:4      | Reached XP level 7. HP: 60/62 MP: 6/6
  3241 | D:4      | Reached skill level 5 in Shields
  3390 | D:4      | Identified the +3 scale mail of Chill Winds {Dex+2} (You found it on level 4 of the Dungeon)
  3521 | D:5      | Entered Level 5 of the Dungeon
  3931 | D:5      | Found a white marble altar of Elyvilon.
  4065 | D:5      | Found a glowing drain.
  4081 | Sewer    | Entered a sewer
  4210 | Sewer    | Reached **** piety under Trog
  4607 | Sewer    | Reached XP level 8. HP: 59/70 MP: 7/7
  5707 | D:6      | Reached ***** piety under Trog
  5994 | D:6      | Found a staircase to the Ecumenical Temple.
  6165 | D:7      | Found an oddly glowing altar of Pakellas.
  6358 | D:7      | Reached skill level 5 in Armour
  6454 | D:7      | Found a glowing golden altar of the Shining One.
  6682 | D:7      | Found a blossoming altar of Fedhas.
  7023 | D:8      | Found a burning altar of Makhleb.
  7076 | D:8      | Found a shadowy altar of Dithmenos.
  7244 | D:8      | Reached XP level 9. HP: 68/79 MP: 8/8
  7573 | D:9      | Received a gift from Trog
  7995 | D:9      | Found a sparkling altar of Nemelex Xobeh.
  7995 | D:9      | Found an iron altar of Okawaru.
  8017 | D:9      | Found a bloodstained altar of Trog.
  8033 | D:9      | Reached skill level 5 in Dodging
  8501 | D:9      | Found a staircase to the Lair.
  8800 | D:10     | Entered Level 10 of the Dungeon
  9026 | D:10     | Reached XP level 10. HP: 47/91 MP: 9/9
  9356 | D:10     | Reached skill level 10 in Shields
  9604 | D:11     | You fall through a shaft for 2 floors!
  9633 | D:13     | Noticed a purple ugly thing
  9635 | D:13     | Noticed Urug
  9642 | D:13     | Noticed a cyclops
  9649 | D:13     | Killed a purple ugly thing
  9650 | D:13     | Killed Urug
  9650 | D:13     | Reached skill level 10 in Fighting
  9661 | D:13     | Mangled by a cyclops

Skill      XL: |  1  2  3  4  5  6  7  8  9 10 |
---------------+-------------------------------+-----
Axes           | 4 5 6 7 9 |  9.9
Fighting       | 4 5 6 7 9 10 | 10.1
Armour         | 3 4 5 6 |  6.8
Dodging        | 3 4 5 6 |  6.1
Shields        | 4 7 8 9 10 | 10.4

Action                   |  1- 3 |  4- 6 |  7- 9 | 10-12 || total
-------------------------+-------+-------+-------+-------++-------
Melee: Hand axe          |    64 |   135 |   313 |       ||   512
       Headbutt          |    10 |    22 |    74 |    13 ||   119
       War axe           |       |       |   190 |    65 ||   255
Invok: Berserk           |       |     2 |     3 |     1 ||     6
       Trog's Hand       |       |     1 |       |     1 ||     2
       Burn Spellbooks   |       |       |     1 |       ||     1
 Stab: Sleeping          |     1 |       |       |       ||     1
       Paralysed         |       |     1 |       |       ||     1
  Eat: Chunk             |       |     9 |    16 |     4 ||    29
       Fruit             |       |       |     6 |       ||     6
Armor: Animal skin       |    27 |    14 |       |       ||    41
       Plate armour      |       |    46 |   319 |    29 ||   394
Dodge: Dodged            |    63 |    87 |   199 |    22 ||   371
Block: Buckler           |       |       |   182 |    26 ||   208
